 Dungeon Crawl Stone Soup version 0.17-a0-2073-gde5cdba (webtiles) character file.

793 evilmojo the Cudgeler (level 7, -2/37 HPs)
             Began as a Vine Stalker Wanderer on Oct 15, 2015.
             Was an Initiate of Okawaru.
             Slain by Prince Ribbit (7 damage)
             ... on level 5 of the Dungeon.
             The game lasted 00:13:38 (3052 turns).

evilmojo the Cudgeler (Vine Stalker Wanderer)       Turns: 3052, Time: 00:13:38

Health: -2/37      AC:  6    Str: 16    XL:     7   Next: 88%
Magic:  0/8        EV: 14    Int: 11    God:    Okawaru [......]
Gold:   127        SH:  0    Dex: 15    Spells: 0 memorised, 6 levels left

rFire  . . .     SeeInvis .     a - +2 mace
rCold  . . .     Clarity  .     b - +0 ring mail
rNeg   . . .     SustAt   .     (no shield)
rPois  .         Gourm    .     (no helmet)
rElec  .         Spirit   +     (no cloak)
rCorr  .         Warding  .     i - +0 pair of gloves
rMut   .         Stasis   .     (no boots)
MR     .....                    (no amulet)
Stlth  +.........               (no ring)
                                o - +1 ring of evasion

@: not resistant to hostile enchantments, very unstealthy
A: fangs 2, regeneration 2, magic shield, antimagic bite, no device heal 3, rot
immunity
a: Renounce Religion


You were on level 5 of the Dungeon.
You worshipped Okawaru.
Okawaru was noncommittal.
You were not hungry.

You visited 1 branch of the dungeon, and saw 5 of its levels.
You also visited: Sewer.

You collected 127 gold pieces.

Inventory:

Hand Weapons
 a - a +2 mace (weapon)
 c - a +0 whip
 h - a +0 whip
 n - a +0 hunting sling
 w - a +0 giant spiked club
 y - a +0 short sword
Missiles
 l - 13 curare-tipped needles
 m - 51 arrows
 t - 8 poisoned needles
 B - 6 stones (quivered)
Armour
 b - a +0 ring mail (worn)
 e - a +2 ring mail of fire resistance
 i - a +0 pair of gloves (worn)
 j - a +0 cloak
 k - a +3 leather armour
 z - a +0 scale mail
 D - a +0 leather armour
Jewellery
 o - a +1 ring of evasion (left hand)
Wands
 q - a wand of enslavement (17)
Scrolls
 r - 2 scrolls of teleportation
 u - a scroll of amnesia
 v - a scroll of fog
Potions
 f - 5 potions of heal wounds
 g - 2 potions of agility {unknown}
 p - a potion of haste {unknown}
 s - 6 potions of curing
 A - a potion of berserk rage
 C - 3 potions of brilliance {unknown}
 E - 2 potions of might {unknown}
Comestibles
 d - 2 bread rations


   Skills:
 + Level 3.7 Fighting
 + Level 4.4 Maces & Flails
 + Level 1.0 Throwing
 + Level 2.9 Armour
 + Level 4.2 Dodging
   Level 1.0 Hexes
   Level 2.0 Ice Magic
 + Level 1.0 Evocations


You had 6 spell levels left.
You didn't know any spells.

Dungeon Overview and Level Annotations

Branches:
Dungeon (5/15)
 Temple: D:4-7

Altars:
Okawaru

Annotations:
D:5 Prince Ribbit


Innate Abilities, Weirdness & Mutations

You have extremely sharp teeth.
You heal very quickly.
When hurt, damage is shared between your health and your magic reserves.
Your bite disrupts and absorbs the magic of your enemies.
Potions and wands cannot restore your health.
You are immune to rotting.


Message History

Okawaru welcomes you!
A worker ant comes into view.
The worker ant twitches its antennae in your direction.
Prince Ribbit momentarily phases out as your attack passes through him.
You bite Prince Ribbit.
Prince Ribbit's magic leaks into the air.
You drain his magic.
You feel invigorated.
Prince Ribbit is lightly wounded.
Prince Ribbit hits you!
Prince Ribbit falters for a moment.
You closely miss Prince Ribbit. Your bite misses Prince Ribbit.
Prince Ribbit is lightly wounded.
Prince Ribbit hits you!
* * * LOW HITPOINT WARNING * * *
Prince Ribbit hits you but does no damage.
You closely miss Prince Ribbit.
You bite Prince Ribbit, but do no damage.
Prince Ribbit is lightly wounded.
Prince Ribbit hits you but does no damage.
Prince Ribbit hits you!
You die...

#..### .. ##.....
.#..# .# .
...)...#.##.# .# . .
.......#.##.###.# .#..
.........##.....##....
......................
...%....##....##a.....
.......<..............
.............@.#
######.....###F..#
#....#.........[#
#...........?...###
#.................
#............#..##.
#..(...#.......!. #
..##..###.....#.##


You could see Prince Ribbit and a worker ant.

Vanquished Creatures
  The ghost of evilmojo the Covered, an amateur HOWn (Sewer)
  An ogre (D:4)
  2 big kobolds (Sewer)
  An orc priest (D:4)
  2 orc wizards (D:4)
  A giant frog skeleton (D:4)
  Ijyb (D:2)
  3 worker ants (D:4)
  An iguana (D:4)
  A hound skeleton (D:3)
  A worker ant zombie (D:3)
  A river rat (D:4)
  4 adders
  2 oozes
  3 worms
  10 orcs
  5 giant cockroaches
  4 hobgoblins
  8 jackals (D:3)
  A ball python (Sewer)
  A ball python zombie (D:3)
  10 bats
  A giant cockroach zombie (D:3)
  3 giant geckos
  A giant gecko skeleton (D:3)
  2 giant newts (Sewer)
  3 goblins
  17 kobolds
  7 rats
  A fungus (Sewer)
  8 plants
107 creatures vanquished.

Notes
Turn   | Place    | Note
--------------------------------------------------------------
     0 | D:1      | evilmojo the Vine Stalker Wanderer began the quest for the Orb.
     0 | D:1      | evilmojo set off with: a +2 mace, a +0 ring mail, a potion of lignification, a bread ration
     0 | D:1      | Reached XP level 1. HP: 11/11 MP: 2/2
   198 | D:1      | Reached skill level 3 in Maces & Flails
   422 | D:1      | Reached XP level 2. HP: 15/15 MP: 3/3
   942 | D:2      | Noticed Ijyb
   955 | D:2      | Killed Ijyb
   955 | D:2      | Reached skill level 1 in Dodging
   955 | D:2      | Reached XP level 3. HP: 16/18 MP: 4/4
  1253 | D:3      | Reached XP level 4. HP: 23/23 MP: 5/5
  1898 | D:4      | Reached skill level 1 in Armour
  1898 | D:4      | Reached XP level 5. HP: 10/27 MP: 2/6
  1984 | D:4      | Noticed an ogre
  2007 | D:4      | Gained mutation: You heal very quickly. [Vine Stalker growth]
  2007 | D:4      | Reached XP level 6. HP: 6/32 MP: 3/7
  2052 | D:4      | Killed an ogre
  2052 | D:4      | Reached skill level 4 in Maces & Flails
  2315 | D:4      | Reached XP level 7. HP: 19/36 MP: 5/8
  2435 | D:4      | Found a glowing drain.
  2451 | Sewer    | Entered a sewer
  2493 | Sewer    | Noticed evilmojo's ghost (amateur HOWn)
  2540 | Sewer    | Killed evilmojo's ghost
  3037 | D:5      | Entered Level 5 of the Dungeon
  3037 | D:5      | Found an iron altar of Okawaru.
  3037 | D:5      | Noticed Prince Ribbit
  3047 | D:5      | Became a worshipper of Warmaster Okawaru
  3052 | D:5      | Slain by Prince Ribbit

Vault maps used:
D:1:      dpeg_arrival_boxes_within_box
D:2:      kennysheep_six_static_rooms, gammafunk_temple_overflow_statue,
          uniq_iyjb
D:3:      evilmike_ruin_ashenzari, lemuel_coloured_pillars_altar, serial_undead,
          serial_undead_a, serial_undead_e, serial_undead_b, serial_undead_f,
          first_bread
D:4:      nicolae_overflow_hidden_temple, gup_sewer_entry_bowl, uniq_pikel
D:5:      overflow_temple_1_default, uniq_prince_ribbit1, uniq_grinder
Sewer:    kennysheep_pipe_town

Action                   |  1- 3 |  4- 6 |  7- 9 || total
-------------------------+-------+-------+-------++-------
Melee: Mace              |    95 |   325 |   177 ||   597
  Use: Scroll            |     4 |     1 |     4 ||     9
       Potion            |       |       |     6 ||     6
  Eat: Bread ration      |     1 |       |     1 ||     2
